 Dungeon Crawl Stone Soup version 0.29-a0-892-g2c4c91d9db (webtiles) character file.

Game seed: 6744241523315674292

17892 grwns the Covert (level 12, -3/60 HPs)
             Began as a Spriggan Enchanter on July 23, 2022.
             Was a High Priest of Dithmenos.
             Slain by a reaper
             ... wielding a +2 scythe of freezing
              (18 damage)
             ... in an ice cave.
             The game lasted 00:34:50 (13762 turns).

grwns the Covert (Spriggan Enchanter)              Turns: 13762, Time: 00:34:51

Health: -3/60      AC:  6    Str: 11    XL:     12   Next: 22%
Magic:  26/26      EV: 26    Int: 17    God:    Dithmenos [*****.]
Gold:   907        SH:  4    Dex: 16    Spells: 24/35 levels left

rFire   + . .      SeeInvis +   a - +2 dagger (vorpal)
rCold   + . .      Faith    .   (no shield)
rNeg    . . .      Spirit   .   P - +1 robe {rC+ rF+}
rPois   .          Reflect  .   (helmet restricted)
rElec   .          Harm     .   f - +2 cloak
rCorr   .          Rampage  .   (gloves unavailable)
Will    +....                   (boots unavailable) Stlth *+++++++++
                                l - amulet of magic regeneration
HPRegen 0.20/turn               q - +4 ring of evasion
MPRegen 0.60/turn               m - ring "Erilubah" {Fly Will+ Str+3}

@: mighty, brilliant, weak-willed, flying, hasted, wreathed by umbra, invisible,
very quick
A: very small, no large weapons, unfitting armour, see invisible, speed 3, large
bone plates 1, camouflage 1, low MP 1, sense surroundings 1
a: Renounce Religion, Shadow Step, Shadow Form


You were in an ice cave.
You worshipped Dithmenos.
Dithmenos was extremely pleased with you.
You visited 2 branches of the dungeon, and saw 12 of its levels.
You also visited: Sewer, Bailey and Ice Cave.

You collected 907 gold pieces.

Inventory:

Hand Weapons
 a - a +2 vorpal dagger (weapon)
 p - a +2 dagger of holy wrath
 O - a +2 dagger of venom
Missiles
 g - 30 poisoned darts (quivered)
 x - 4 curare-tipped darts
 E - 7 throwing nets
Armour
 b - a +0 robe
 f - a +2 cloak (worn)
 y - a +1 robe of the Archmagi
 B - +1 steam dragon scales
 P - a +1 robe of resistance (worn)
Jewellery
 l - an amulet of magic regeneration (around neck)
 m - the ring "Erilubah" (right hand) {Fly Will+ Str+3}
   (You found it on level 3 of the Dungeon)

   [ring of flight]

   Str:       It affects your strength (+3).
   Fly:       It grants you flight.
   Will:      It increases your willpower.
 q - a +4 ring of evasion (left hand)
 C - a ring of wizardry
 D - a ring of resist corrosion
Wands
 v - a wand of iceblast (18)
 H - a wand of paralysis (5)
 K - a wand of mindburst (7)
 M - a wand of flame (19)
Scrolls
 j - 6 scrolls of blinking
 k - 7 scrolls of teleportation
 r - a scroll of fog
 s - 2 scrolls of fear
 u - a scroll of vulnerability
 z - a scroll of torment
 F - 3 scrolls of identify
 J - a scroll of poison
 L - 2 scrolls of enchant armour
 N - a scroll of summoning
Potions
 c - a potion of invisibility
 d - 2 potions of brilliance
 e - 2 potions of flight
 i - 3 potions of mutation
 n - 5 potions of lignification
 o - 2 potions of might
 t - 4 potions of curing
 A - 2 potions of cancellation
 G - a potion of berserk rage
 I - a potion of haste


   Skills:
 + Level 5.5 Fighting
 + Level 7.5 Short Blades
 + Level 9.3 Dodging
 + Level 14.5 Stealth
 + Level 12.2 Spellcasting
 + Level 12.2 Hexes


You had 24 spell levels left.
You knew the following spells:

 Your Spells              Type           Power      Damage    Failure   Level
a - Ensorcelled Hibernat  Hex/Ice        92%        N/A       1%          2
b - Tukima's Dance        Hex            67%        N/A       1%          3
c - Dazzling Flash        Conj/Hex       92%        N/A       1%          3
d - Confusing Touch       Hex            67%        N/A       1%          3

Your spell library contained the following spells:

 Spells                   Type           Power      Damage    Failure   Level
 Magic Dart               Conj           60%        1d6       7%          1
 Call Imp                 Summ           15%        N/A       11%         2
 Poisonous Vapours        Pois/Air       30%        N/A       11%         2
 Static Discharge         Conj/Air       15%        3-5/arc   11%         2
 Ignite Poison            Fire/Tmut/Pois 15%        N/A       21%         3
 Mephitic Cloud           Conj/Pois/Air  15%        N/A       21%         3
 Corpse Rot               Necr/Pois/Air  15%        N/A       56%         4
 Freezing Cloud           Conj/Ice/Air   7%         6-21      88%         5
 Lightning Bolt           Conj/Air       7%         1d20      88%         5
 Maxwell's Capacitive Co  Air            7%         ∞         100%        8


Dungeon Overview and Level Annotations

Branches:
Dungeon (11/15)            Temple (1/1) D:5            Lair (0/5) D:9
    Orc (0/2) D:10          Sewer (visited)          Bailey (visited)
  IceCv (1/1)

Altars:
Cheibriados
Dithmenos
Elyvilon
Fedhas
Hepliaklqana
Kikubaaqudgha
Makhleb
Nemelex Xobeh
Qazlal
Ru
Trog
Vehumet
Zin


Innate Abilities, Weirdness & Mutations

You are very small and have problems with some larger weapons.
You are too small for most types of armour.
You have supernaturally acute eyesight. (SInv)
You cover ground extremely quickly. (Speed+++)
You are partially covered in large bone plates. (SH +4)
Your skin changes colour to match your surroundings (Stealth+).
Your magical capacity is low. (-10% MP)
You passively map a small area around you.


Message History

Unknown command.
You catch the helpless reaper completely off-guard!
You impale the reaper!!
The reaper is severely wounded.
Unknown command.
You completely miss the reaper.
The reaper is severely wounded.
You block the white imp's attack.
You block the death yak simulacrum's attack.
Unknown command.
You hit the reaper but do no damage.
The reaper is severely wounded.
Your shadow hits the reaper but does no damage.
Unknown command.
You feel better. The reaper hits you but does no damage.
Unknown command.
You hit the reaper.
The reaper is severely wounded.
You block the death yak simulacrum's attack.
You hit the reaper but do no damage.
The reaper is severely wounded.
The reaper hits the death yak simulacrum with a +2 scythe of freezing!!
The white imp completely misses you.
Unknown command.
You hit the reaper but do no damage.
The reaper is severely wounded.
Unknown command.
You hit the reaper but do no damage.
The reaper is severely wounded.
The death yak simulacrum gores you!
* * * LOW HITPOINT WARNING * * *
The death yak simulacrum freezes you! You resist.
* * * LOW HITPOINT WARNING * * *
Unknown command.
You feel better.
The reaper completely misses the cane toad simulacrum.
The white imp closely misses you.
You feel better.
The reaper hits you with a +2 scythe of freezing!!
You die...

##########
###§§§##...#######
**#@§§##§§§##...#..#
**#Z25Z##########..#..
#.ZZ5Z## #..####
#..ZZ## ##..##.
###.Z,** ###...
##.,,**** ####
*##*,,,,*******
**,*,**,,,*,,,∩*
**,*,*****,,,,***


You could see a reaper (confused, weak-willed), a white imp (unable to see you),
a wolf simulacrum (wandering, unable to see you), 3 death yak simulacra, a cane
toad simulacrum (wandering, unable to see you, weak-willed), a harpy simulacrum
(wandering, unable to see you), a spriggan simulacrum (wandering, unable to see
you), an entropy weaver simulacrum (wandering, unable to see you) and an
ufetubus (unable to see you).

Vanquished Creatures
  Harold (D:9)
  2 two-headed ogres (D:10)
  A centaur warrior (D:11)
  Sonja (D:10)
  A deep elf pyromancer (Bailey)
  An orc knight (Bailey)
  A cyclops (D:9)
  A manticore (D:10)
  A gargoyle (D:10)
  An ice statue (IceCv)
  An unseen horror (D:10)
  Psyche (D:8)
  2 rime drakes (D:11)
  A freezing wraith (IceCv)
  Maggie (D:6)
  A komodo dragon (D:10)
  2 polar bears (D:11)
  A hornet (D:9)
  24 yaks
  A wyvern (D:10)
  A steam dragon (D:8)
  A water moccasin (D:7)
  2 acid dragons
  9 orc warriors
  5 black bears
  2 ice beasts
  4 ogres
  2 wolves (D:11)
  4 centaurs
  2 kobold brigands
  3 bullfrogs
  2 cane toad simulacra (IceCv)
  2 gnoll sergeants
  A necrophage (D:5)
  6 two-headed ogre simulacra (IceCv)
  3 scorpions
  3 wights
  2 elephant simulacra (IceCv)
  22 killer bees
  A howler monkey (D:5)
  4 hounds
  3 orc priests
  A gnoll bouda (D:7)
  7 orc wizards
  2 iguanas
  4 spriggan simulacra (IceCv)
  2 troll simulacra (IceCv)
  2 polar bear simulacra (IceCv)
  13 gnolls
  12 adders
  6 naga simulacra (IceCv)
  6 white imps
  3 ufetubi
  3 worms
  4 dart slugs
  14 orcs
  4 endoplasms
  8 giant cockroaches
  15 goblins
  6 hobgoblins
  7 jackals (D:2)
  8 quokkas
  7 ball pythons
  4 bats (D:1)
  10 frilled lizards
  15 kobolds
  6 rats
299 creatures vanquished.

Vanquished Creatures (collateral kills)
  2 orc warriors (Bailey)
  7 wights
  A gnoll bouda (D:7)
  9 gnolls
  4 orcs
  A ball python (D:4)
  2 goblins (D:10)
26 creatures vanquished.

Vanquished Creatures (others)
  8 dancing weapons
  10 fungi (D:9)
  5 plants (D:9)
23 creatures vanquished.

Grand Total: 348 creatures vanquished

Notes
Turn   | Place    | Note
-------+----------+-------------------------------------------
     0 | D:1      | grwns the Spriggan Enchanter began the quest for the Orb.
     0 | D:1      | Reached XP level 1. HP: 9/9 MP: 5/5
   254 | D:1      | Reached XP level 2. HP: 12/13 MP: 7/7
   266 | D:1      | Learned a level 2 spell: Ensorcelled Hibernation
  1027 | D:2      | Reached XP level 3. HP: 16/16 MP: 6/9
  1031 | D:2      | Learned a level 3 spell: Tukima's Dance
  1035 | D:2      | Learned a level 3 spell: Confusing Touch
  1588 | D:2      | Found a faded altar of an unknown god.
  1877 | D:2      | Reached XP level 4. HP: 21/21 MP: 6/11
  2006 | D:2      | Reached skill level 5 in Hexes
  2331 | D:3      | Noticed a centaur
  2341 | D:3      | Killed a centaur
  2342 | D:3      | Reached skill level 5 in Spellcasting
  2342 | D:3      | Reached XP level 5. HP: 10/24 MP: 9/13
  2516 | D:3      | Found a burning altar of Makhleb.
  2697 | D:3      | Identified the ring "Erilubah" {Fly Will+ Str+3}
  2709 | D:3      | Found an ancient bone altar of Kikubaaqudgha.
  2807 | D:3      | Identified the +2 mace of Zoerghasm {drain, Drain Str+7
                  | Int-2 Stlth+}
  2814 | D:3      | Reached skill level 5 in Stealth
  2899 | D:3      | Found a bloodstained altar of Trog.
  2968 | D:4      | Reached XP level 6. HP: 28/28 MP: 15/15
  3217 | D:4      | Gained mutation: Your magical capacity is low. (-10% MP)
                  | [potion of mutation]
  3217 | D:4      | Gained mutation: Your skin changes colour to match your
                  | surroundings (Stealth+). [potion of mutation]
  3217 | D:4      | Gained mutation: You passively map a small area around you.
                  | [potion of mutation]
  3217 | D:4      | Gained mutation: You are partially covered in large bone
                  | plates. (SH +4) [potion of mutation]
  3526 | D:4      | Found a hazy altar of Hepliaklqana.
  3553 | D:4      | Reached skill level 6 in Stealth
  4068 | D:5      | Entered Level 5 of the Dungeon
  4135 | D:5      | Reached XP level 7. HP: 32/32 MP: 15/15
  4208 | D:5      | Reached skill level 7 in Stealth
  4608 | D:5      | Reached skill level 8 in Stealth
  4711 | D:5      | Reached XP level 8. HP: 36/36 MP: 18/18
  5029 | D:5      | Found a staircase to the Ecumenical Temple.
  5096 | Temple   | Entered the Ecumenical Temple
  5105 | Temple   | Became a worshipper of Dithmenos the Shadowed
  5662 | D:6      | Found a glowing drain.
  5679 | Sewer    | Entered a sewer
  5847 | Sewer    | Reached skill level 9 in Stealth
  6161 | D:6      | Learned a level 3 spell: Dazzling Flash
  6308 | D:6      | Found a white marble altar of Elyvilon.
  6447 | D:6      | Reached * piety under Dithmenos
  6458 | D:6      | Noticed Maggie
  6471 | D:6      | Killed Maggie
  6472 | D:6      | Reached skill level 10 in Stealth
  6640 | D:6      | Reached XP level 9. HP: 23/39 MP: 17/20
  7284 | D:6      | Reached skill level 1 in Fighting
  7534 | D:7      | Reached skill level 11 in Stealth
  7955 | D:7      | Reached ** piety under Dithmenos
  8334 | D:7      | Found a blossoming altar of Fedhas.
  8449 | D:7      | Reached skill level 10 in Hexes
  8819 | D:8      | Noticed Psyche
  8826 | D:8      | Killed Psyche
  8884 | D:8      | Reached skill level 5 in Dodging
  8884 | D:8      | Reached skill level 10 in Spellcasting
  8886 | D:8      | Reached XP level 10. HP: 36/47 MP: 11/22
  9339 | D:8      | Reached skill level 12 in Stealth
  9414 | D:8      | Found a glowing silver altar of Zin.
  9498 | D:9      | Found a sacrificial altar of Ru.
  9609 | D:9      | Noticed a cyclops
  9614 | D:9      | Killed a cyclops
  9614 | D:9      | Reached *** piety under Dithmenos
  9840 | D:9      | Reached skill level 5 in Short Blades
 10019 | D:9      | Found a staircase to the Lair.
 10268 | D:9      | Reached XP level 11. HP: 29/53 MP: 17/24
 10659 | D:9      | Noticed Harold
 10666 | D:9      | Killed Harold
 10667 | D:9      | Reached skill level 13 in Stealth
 10763 | D:10     | Entered Level 10 of the Dungeon
 10829 | D:10     | Noticed a two-headed ogre
 10847 | D:10     | Noticed Sonja
 10879 | D:10     | Found a flagged portal.
 10891 | Bailey   | Entered a bailey
 11040 | Bailey   | Noticed an orc knight
 11051 | Bailey   | Killed an orc knight
 11198 | Bailey   | Found a large runed translucent door.
 11198 | Bailey   | Found a large runed translucent door.
 11199 | Bailey   | Noticed a deep elf pyromancer
 11292 | Bailey   | Killed a deep elf pyromancer
 11501 | Bailey   | Identified the +6 plate armour of Antique Wonder {rC+ Will-
                  | Int+8}
 11583 | D:10     | Noticed a two-headed ogre
 11590 | D:10     | Killed a two-headed ogre
 11634 | D:10     | Killed a two-headed ogre
 11654 | D:10     | Killed Sonja
 11654 | D:10     | Reached **** piety under Dithmenos
 11701 | D:10     | Reached skill level 5 in Fighting
 11913 | D:10     | Found a staircase to the Orcish Mines.
 12163 | D:11     | Reached skill level 14 in Stealth
 12238 | D:11     | Noticed a centaur warrior
 12245 | D:11     | Killed a centaur warrior
 12351 | D:11     | Found a frozen archway.
 12383 | D:11     | Reached XP level 12. HP: 56/60 MP: 26/26
 12463 | IceCv    | Entered an ice cave
 13430 | IceCv    | Reached ***** piety under Dithmenos
 13721 | IceCv    | Noticed a reaper
 13760 | IceCv    | HP: 1/60 [death yak simulacrum (7)]
 13762 | IceCv    | Slain by a reaper

Illustrated notes

Levels and vault maps discovered:
D:1:      onia_arrival_handbag, layout_basic, minmay_pentomino_r2
D:2:      layout_loops_ring, hellmonk_ecumenical_altar_pennies_from_heaven,
          solitary_fountain, nicolae_hexahallways,
          wander_ebering_terrifying_dragon_lair
D:3:      layout_basic, mainiacjoe_overflow_concentric_impassable,
          lemuel_coloured_pillars_altar, mainiacjoe_overflow_boulevard
D:4:      layout_gridville, mainiacjoe_overflow_alcove_4
D:5:      layout_loops_corners, minmay_temple_entry_junction,
          grunt_ministairs_15, hangedman_decor_opposing,
          kennysheep_generic_room_4
D:6:      layout_loops_corners, nicolae_overflow_crystal_walls,
          cheibrodos_sewer_entry_bend, uniq_maggie
D:7:      layout_basic, fedhas_altar_2
D:8:      layout_basic, zin_statuary, uniq_psyche
D:9:      layout_basic, amcnicky_altar_gilded, grunt_lair_entry_orc_guard_hut,
          nicolae_wwwww, uniq_harold
D:10:     layout_cave_pools, orc_0_dummy, enter_bailey_5,
          chequers_serial_rivers_room_a, uniq_sonja
D:11:     lemuel_reptile_caves, layout_basic,
          portal_ice_cave_entry_animals_and_master,
          yredelemnul_forgotten_temple_becter, uniq_amaemon
Temple:   compressed_dpeg_circular_temple
IceCv:    ice_cave_caverns_03

Skill      XL: |  1  2  3  4  5  6  7  8  9 10 11 12 |
---------------+-------------------------------------+-----
Spellcasting   | 3 4 5 6 7 9 10 11 12 | 12.2
Hexes          | 4 5 6 7 9 10 11 12 | 12.2
Stealth        | 5 6 8 10 11 12 14 | 14.5
Dodging        | 5 7 9 |  9.3
Fighting       | 2 3 5 |  5.5
Short Blades   | 3 5 7 |  7.5

Action                   |  1- 3 |  4- 6 |  7- 9 | 10-12 || total
-------------------------+-------+-------+-------+-------++-------
Melee: Dagger            |   103 |   117 |   240 |   418 ||   878
       Punch             |       |     2 |     1 |     6 ||     9
Throw: Dart              |     1 |       |       |       ||     1
 Cast: Ensorcelled Hiber |     3 |    12 |    54 |   103 ||   172
       Tukima's Dance    |       |     6 |    20 |    14 ||    40
       Confusing Touch   |       |     1 |     7 |    31 ||    39
  Use: Potion            |     1 |     2 |       |    13 ||    16
       Scroll            |     9 |     7 |     8 |     6 ||    30
 Stab: Sleeping          |    13 |    16 |    53 |    85 ||   167
       Confused          |       |     1 |     7 |    20 ||    28
       Distracted        |       |       |     1 |     2 ||     3
       Invisible         |       |       |       |     3 ||     3
Armor: Robe              |    15 |    17 |    10 |     3 ||    45
       Steam dragon scal |       |       |    14 |    29 ||    43
Dodge: Dodged            |    77 |    94 |   161 |   348 ||   680
Block: Other             |       |     4 |    33 |    59 ||    96

Table legend: (Time is in decaauts)
 A = Elapsed time spent in this place.
 B = Non-inter-level travel time spent in this place.
 C = Inter-level travel time spent in this place.
 D = Time resting spent in this place.
 E = Time spent auto-exploring this place.
 F = Levels seen in this place.
 G = Mean time per level.
                   A        B        C        D        E       F      G
               +--------+--------+--------+--------+--------+-----+--------+
         Total |  10515 |  10320 |    195 |   1543 |   6488 |  15 |  701.0 |
       Dungeon |   8452 |   8262 |    190 |    658 |   5773 |  11 |  768.4 |
        Temple |     10 |      6 |      4 |      0 |      0 |   1 |   10.0 |
         Sewer |    372 |    372 |      0 |      0 |    264 |   1 |  372.0 |
        Bailey |    553 |    553 |      0 |    354 |     96 |   1 |  553.0 |
      Ice Cave |   1126 |   1126 |      0 |    531 |    354 |   1 | 1126.0 |
               +--------+--------+--------+--------+--------+-----+--------+

Top non-repeatable levels by time:
     D:6: 1326 daAuts
   IceCv: 1126 daAuts
     D:9: 1005 daAuts
     D:7: 954 daAuts
     D:5: 900 daAuts
     D:4: 855 daAuts
     D:2: 791 daAuts
     D:1: 764 daAuts
     D:3: 653 daAuts
  Bailey: 553 daAuts
     D:8: 454 daAuts
    D:10: 434 daAuts
   Sewer: 372 daAuts
    D:11: 311 daAuts
  Temple: 10 daAuts
